 Seeded DCSS version 0.29.1-15-g9cfb28693d (webtiles) character file.

Game seed: 9718211219766864570 (custom seed)

618 GigaChad the Chopper (level 7, -9/53 HPs)
             Began as a Demonspawn Gladiator on Mar 11, 2023.
             Was an Initiate of Gozag.
             Mangled by an ogre
             ... wielding a +0 giant club
              (16 damage)
             ... on level 5 of the Dungeon.
             The game lasted 00:04:50 (2780 turns).

GigaChad the Chopper (Demonspawn Gladiator)         Turns: 2780, Time: 00:04:53

Health: -9/53      AC: 12    Str: 16    XL:     7   Next: 21%
Magic:  7/7        EV: 11    Int: 10    God:    Gozag
Gold:   183        SH:  0    Dex: 19    Spells: 6/6 levels left

rFire   . . .      SeeInvis .   a - +0 war axe (flame)
rCold   . . .      Faith    .   (no shield)
rNeg    . . .      Spirit   .   h - +0 scale mail
rPois   .          Reflect  .   g - +3 helmet "Aworeuz" {Dex+5}
rElec   .          Harm     .   (no cloak)
rCorr   .          Rampage  .   (no gloves)
Will    .....                   (no boots)
Stlth   +.........              p - amulet of regeneration
HPRegen 0.97/turn               (no ring)
MPRegen 0.10/turn               (no ring)

@: no status effects
A: thin metallic scales 1, demonic touch 1
a: Renounce Religion, Potion Petition, Call Merchant, Bribe Branch


You were on level 5 of the Dungeon.
You worshipped Gozag.
Gozag was aware of your devotion.
You visited 2 branches of the dungeon, and saw 5 of its levels.

You collected 204 gold pieces.
You paid 21 gold pieces to Gozag.

Inventory:

Hand Weapons
 a - a +0 war axe of flaming (weapon)
Missiles
 d - 3 throwing nets (quivered)
 e - a javelin
Armour
 b - a +0 leather armour
 c - a +0 helmet
 g - the +3 helmet "Aworeuz" (worn) {Dex+5}
   (You acquired it on level 4 of the Dungeon)

   Dex:       It affects your dexterity (+5).
 h - a +0 scale mail (worn)
Jewellery
 f - an amulet of faith
 m - a ring of positive energy
 p - an amulet of regeneration (around neck)
Scrolls
 j - 2 scrolls of teleportation
 n - 2 scrolls of blinking {unknown}
 q - a scroll of enchant armour {unknown}
 r - a scroll of enchant weapon {unknown}
Potions
 i - 2 potions of berserk rage {unknown}
 k - a potion of heal wounds {unknown}
 l - a potion of degeneration {unknown}
 o - a potion of attraction {unknown}


   Skills:
 * Level 3.7 Fighting
 + Level 5.4 Axes
 - Level 1.9 Throwing
 * Level 3.0 Armour
 * Level 3.7 Dodging
 - Level 0.8 Stealth


You had 6 spell levels left.
You didn't know any spells.
Your spell library contained the following spells:

 Spells                   Type           Power      Damage    Failure   Level
 Slow                     Hex            0%         N/A       80%         1
 Confusing Touch          Hex            0%         N/A       99%         3
 Vampiric Draining        Necr           0%         2d6       99%         3
 Fireball                 Conj/Fire      0%         3d3       100%        5
 Starburst                Conj/Fire      0%         6d3       100%        6
 Ignition                 Fire           0%         3d3       100%        8


Dungeon Overview and Level Annotations

Branches:
Dungeon (5/15)             Temple (1/1) D:4

Altars:
Ashenzari
Dithmenos
Fedhas
Gozag
Hepliaklqana
Kikubaaqudgha
Makhleb
Nemelex Xobeh
Qazlal
Ru
Sif Muna
Uskayaw
Vehumet
Wu Jian
Yredelemnul


Innate Abilities, Weirdness & Mutations

You are partially covered in thin metallic scales. (AC +2)
Your touch may inflict minor irresistible damage on your foes.


Message History

You kill the adder!
You now have 183 gold pieces (gained 9).
Found a scroll labelled ENOPSI OLIESU.
As you read the scroll of identify, it crumbles to dust.
q - a scroll of brand weapon
As you read the scroll of brand weapon, it crumbles to dust.
Your +0 war axe is engulfed in flames!
a - a +0 war axe of flaming (weapon)
n - 2 scrolls labelled HUESCH FUAZXE (gained 1)
Found 2 stones.
q - a scroll labelled ENOPSI OLIESU
Found a runed dagger.
Found a stone staircase leading up.
An ogre comes into view. It is wielding a +0 giant club.
The ogre shouts!
A hound comes into view.
The hound barks!
A scorpion comes into view.
A hound comes into view.
You slash the ogre! You burn the ogre.
The ogre is heavily wounded.
The ogre hits you with a +0 giant club!!
You slash the ogre! You burn the ogre.
The ogre is almost dead.
You hit the hound. You burn the hound. The hound bites you.
The ogre misses you. The hound closely misses you.
You hit the ogre but do no damage.
The ogre is almost dead.
You miss the hound.
The hound bites you but does no damage. x2
The ogre hits you with a +0 giant club!!
* * * LOW HITPOINT WARNING * * *
You completely miss the ogre.
The ogre is almost dead.
You closely miss the hound. You hit the hound. You burn the hound.
The hound closely misses you. The hound misses you.
The hound closely misses you. The hound bites you but does no damage.
The scorpion stings you but does no damage.
The ogre hits you with a +0 giant club!
You die...
Your body crumbles into a pile of gold.

#. ..#.. #.. .#.# ...
###.#.# #..#...)...
#.#... ...# #
#####.#..##.#.####.##
......hOh...#.......#
..<..##@##.##.#.....#
......s.............#
.....##.......#.....#
#### #.#..#.##.....#
#.#.##.# #####
#.#.##.#####
#..........####### $
#....#.....##.....
.............#.####


You could see an ogre, a scorpion and 2 hounds.

Vanquished Creatures
  Eustachio (D:4)
  A black bear (D:4)
  An ogre (D:5)
  2 scorpions (D:4)
  A jelly (D:4)
  A hound (D:4)
  An iguana (D:4)
  4 adders
  A shadow imp (D:5)
  An ufetubus (D:5)
  2 dart slugs
  An orc (D:4)
  4 bats
  7 endoplasms
  3 giant cockroaches
  5 goblins
  8 hobgoblins
  2 jackals (D:4)
  A quokka (D:2)
  5 ball pythons
  A frilled lizard (D:1)
  8 kobolds
  4 rats (D:1)
  A spectral kobold (D:4)
66 creatures vanquished.

Notes
Turn   | Place    | Note
-------+----------+-------------------------------------------
     0 | D:1      | GigaChad the Demonspawn Gladiator began the quest for the
                  | Orb.
     0 | D:1      | Reached XP level 1. HP: 16/16 MP: 1/1
   376 | D:1      | Gained mutation: Your touch may inflict minor irresistible
                  | damage on your foes. [demonic ancestry]
   376 | D:1      | Reached XP level 2. HP: 13/22 MP: 2/2
   378 | D:1      | Reached skill level 3 in Axes
   669 | D:1      | Found a faded altar of an unknown god.
   926 | D:2      | Reached XP level 3. HP: 27/27 MP: 3/3
  1436 | D:2      | You fall into a shaft and drop 2 floors!
  1457 | D:4      | Reached XP level 4. HP: 34/34 MP: 4/4
  1515 | D:4      | Found a staircase to the Ecumenical Temple.
  1531 | D:4      | Reached skill level 1 in Armour
  1533 | D:4      | Reached skill level 4 in Axes
  1536 | D:4      | Identified a scroll of acquirement
  1536 | D:4      | Acquired the +3 helmet "Aworeuz" {Dex+5}
  1551 | Temple   | Entered the Ecumenical Temple
  1680 | Temple   | Became a worshipper of Gozag Ym Sagoz the Greedy
  1775 | D:4      | Noticed a scorpion
  1781 | D:4      | Killed a scorpion
  1782 | D:4      | Reached XP level 5. HP: 26/39 MP: 5/5
  1803 | D:4      | Noticed a black bear
  1808 | D:4      | Killed a black bear
  1890 | D:4      | Gained mutation: You are partially covered in thin metallic
                  | scales. (AC +2) [demonic ancestry]
  1890 | D:4      | Reached XP level 6. HP: 34/47 MP: 6/6
  2001 | D:4      | Found a hazy altar of Hepliaklqana.
  2121 | D:4      | Noticed Eustachio
  2147 | D:4      | Killed Eustachio
  2148 | D:4      | Reached skill level 5 in Axes
  2437 | D:5      | Entered Level 5 of the Dungeon
  2464 | D:5      | Reached XP level 7. HP: 6/53 MP: 7/7
  2466 | D:5      | HP: 2/53 [shadow imp/nerve-wracking pain (8)]
  2780 | D:5      | Mangled by an ogre

Illustrated notes

Levels and vault maps discovered:
D:1:      spicycebolla_arrival_clurvy, layout_basic,
          hellmonk_ecumenical_altar_crossroads
D:2:      layout_basic
D:4:      layout_basic, nicolae_hepliaklqana_monster_ancestors,
          minmay_temple_entry_wispy, minmay_statues_item, minivault_23,
          uniq_eustachio
D:5:      cheibrodos_fzero, layout_loops_cross, okawaru_metal_pillars_1_2,
          minmay_small_thing
Temple:   minmay_crystal_spiral_temple

Skill      XL: |  1  2  3  4  5  6  7 |
---------------+----------------------+-----
Axes           | 3 4 5 |  5.4
Dodging        | 3 |  3.7
Armour         | 1 2 3 |  3.0
Fighting       | 3 |  3.7
Throwing       | |  1.9
Stealth        | |  0.8

Action                   |  1- 3 |  4- 6 |  7- 9 || total
-------------------------+-------+-------+-------++-------
Melee: War axe           |    58 |    83 |    15 ||   156
       Touch             |    10 |    20 |     2 ||    32
       Punch             |       |     2 |       ||     2
  Use: Scroll            |       |     2 |     2 ||     4
Armor: Scale mail        |    41 |    97 |    11 ||   149
Dodge: Dodged            |    41 |    81 |    15 ||   137
